 Dungeon Crawl Stone Soup version 0.17-a0-1838-g891d947 (webtiles) character file.

18 enrike the Vexing (level 2, 0/27 HPs)
             Began as an Ogre Arcane Marksman on Sept 15, 2015.
             Slain by a giant newt (2 damage)
             ... on level 1 of the Dungeon.
             The game lasted 00:05:51 (984 turns).

enrike the Vexing (Ogre Arcane Marksman)             Turns: 984, Time: 00:05:51

Health: 0/27       AC:  3    Str: 15    XL:     2   Next: 66%
Magic:  3/3        EV: 10    Int: 12    God:
Gold:   38         SH:  0    Dex:  9    Spells: 1 memorised, 2 levels left

rFire  . . .     SeeInvis .     a - +1 shortbow
rCold  . . .     Clarity  .     c - +0 robe
rNeg   + . .     SustAt   .     (no shield)
rPois  .         Gourm    .     (helmet restricted)
rElec  .         Spirit   .     (no cloak)
rCorr  .         Warding  .     (gloves unavailable)
rMut   .         Stasis   .     (boots unavailable)
MR     .....                    (no amulet)
Stlth  +.........               (no ring)
                                j - ring of positive energy

@: very slightly contaminated, not resistant to hostile enchantments, very
unstealthy
A: unfitting armour, tough skin 1
a: no special abilities


You were on level 1 of the Dungeon.
You were hungry.

You visited 1 branch of the dungeon, and saw 2 of its levels.

You collected 38 gold pieces.

Inventory:

Hand weapons
 a - a +1 shortbow (weapon)
Missiles
 b - 8 arrows (quivered)
Armour
 c - a +0 robe (worn)
Jewellery
 j - a ring of positive energy (left hand)
Books
 d - a book of Debilitation

   Spells                             Type                      Level
   a - Corona                         Hexes                        1
   b - Slow                           Hexes                        2
   c - Gell's Gravitas                Hexes/Translocation          3
   d - Inner Flame                    Hexes/Fire                   3
   e - Cause Fear                     Hexes                        4
   f - Leda's Liquefaction            Hexes/Earth                  4
Comestibles
 e - a bread ration
 f - a meat ration


   Skills:
 + Level 1.3 Fighting
 + Level 1.8 Bows
 + Level 2.0 Dodging
 + Level 1.2 Spellcasting
 + Level 2.5 Hexes


You had 2 spell levels left.
You knew the following spells:

 Your Spells              Type           Power        Failure   Level  Hunger
a - Corona                Hex            #......      12%         1    ##.....


Dungeon Overview and Level Annotations

Branches:
Dungeon (2/15)

Altars:


Innate Abilities, Weirdness & Mutations

You are too large for most types of armour.
You have tough skin (AC +1).


Message History

You strike the helpless giant cockroach from behind!
You clumsily bash the giant cockroach but do no damage.
The giant cockroach is moderately wounded.
The giant newt closely misses you. The giant cockroach barely misses you.
The giant newt bites you.
* * * LOW HITPOINT WARNING * * *
The giant cockroach misses you.
Unknown command.
You are too injured to fight recklessly!
You strike the helpless giant cockroach from behind!
You clumsily bash the giant cockroach but do no damage.
The giant cockroach is moderately wounded.
The giant newt barely misses you. The giant newt misses you.
The giant cockroach closely misses you. The giant newt barely misses you.
You flicker back into view.
You barely miss the giant newt.
The giant newt bites you but does no damage.
The giant newt bites you.
You die...

#.#
#.......................
#.#
#......##.#...#.........
##.#
#......##.#......##.###.
#..# #......##.......###.#
#.
#.################..#####.#
#. #......#
#......##>.......# #.
##(####.#
#.####.##l######## #.
#.......###.####.##.# ###.
#..#........sl@#.##.# #...
#....##.###.##......#
######.## #..####.#
#.####.#### #........
#.......# #......#
#.#####.. #...>...#
######## #.# ##...
######### #.###....
#...#.... ###.#.... #.##...


You could see a giant cockroach and a giant newt.

Vanquished Creatures
  A bat (D:1)
  5 giant cockroaches (D:1)
  3 goblins (D:1)
  2 hobgoblins (D:1)
  A kobold (D:1)
  4 rats (D:1)
16 creatures vanquished.

Notes
Turn   | Place    | Note
--------------------------------------------------------------
     0 | D:1      | enrike the Ogre Arcane Marksman began the quest for the Orb.
     0 | D:1      | Reached XP level 1. HP: 19/19 MP: 2/2
   405 | D:1      | Reached XP level 2. HP: 25/27 MP: 1/3
   978 | D:1      | HP: 1/27 [giant newt (3)]
   984 | D:1      | Slain by a giant newt

Vault maps used:
D:1:      tarquinn_simple_flora_water_f, minmay_splitting_lines
D:2:      old_standard_altar, elyvilon_altar_1, lemuel_statue_altar, uniq_iyjb

Action                   || total
-------------------------++-------
Melee: Shortbow          ||    11
 Fire: Shortbow          ||    51
 Cast: Corona            ||     4
  Use: Scroll            ||     3
       Potion            ||     1
 Stab: Invisible         ||     2
